 Dungeon Crawl Stone Soup version bcrawl-1.27.3 (webtiles) character file.

Game seed: 3214201074385900423

169019 esc the Covered (level 6, -2/52 HPs)
             Began as a Hill Orc Archaeologist on Oct 16, 2020.
             Slain by an orc wizard
             ... wielding a +2 dagger of speed
              (3 damage)
             ... on level 4 of the Dungeon.
             The game lasted 00:04:21 (3150 turns).

esc the Covered (Hill Orc Archaeologist)            Turns: 3150, Time: 00:04:22

Health: -2/52      AC:  9    Str: 16    XL:     6   Next: 39%
Magic:  0/6        EV: 11    Int: 14    God:
Gold:   1279       SH:  0    Dex:  9    Spells: 5/5 levels left

rFire    . . .     SeeInvis .   n - +2 dagger (drain)
rCold    . . .     Gourm    .   (no shield)
rNeg     . . .     Faith    .   o - +0 ring mail
rPois    .         Spirit   +   s - +0 helmet
rElec    .         Reflect  .   (no cloak)
rCorr    .         Harm     .   (no gloves)
MR       .....                  d - +1 pair of boots
Stlth    +.........             r - amulet of guardian spirit
HPRegen  0.17/turn              (no ring)
MPRegen  0.10/turn              (no ring)

@: no status effects
A: no striking features
a: Convert to Beogh


You were on level 4 of the Dungeon.
You were hungry.

You visited 1 branch of the dungeon, and saw 4 of its levels.

You collected 1279 gold pieces.

Inventory:

Hand Weapons
 a - a +0 whip
 n - a +2 dagger of draining (weapon)
Armour
 d - a +1 pair of boots (worn)
 o - a +0 ring mail (worn)
 s - a +0 helmet (worn)
Jewellery
 r - an amulet of guardian spirit (around neck)
Scrolls
 b - a scroll of amnesia
 c - a scroll of remove curse
 f - a scroll of identify
 g - 2 scrolls of magic mapping
 h - 3 scrolls of immolation
 k - 2 scrolls of blinking
 u - a scroll of fog {unknown}
Potions
 i - a potion of ambrosia
 j - 3 potions of heal wounds {unknown}
 l - a potion of agility {unknown}
 m - 4 potions of curing {unknown}
 p - a potion of lignification {unknown}
 v - a potion of degeneration {unknown}
Comestibles
 e - 3 rations {!d}
 q - 3 chunks of flesh


   Skills:
 + Level 4.2 Fighting
   Level 4.2 Short Blades
   Level 4.2 Long Blades
   Level 4.2 Axes
   Level 4.2 Maces & Flails
   Level 4.2 Polearms
   Level 4.2 Staves
 + Level 4.2 Armour
 - Level 2.4 Dodging
 - Level 2.6 Stealth
   Level 4.2 Unarmed Combat


You had 5 spell levels left.
You didn't know any spells.
Your spell library was empty.

Dungeon Overview and Level Annotations

Branches:
Dungeon (4/12)
 Temple: D:4-7

Altars:
Dithmenos
Elyvilon
Gozag
Nemelex Xobeh
Ru
Sif Muna
Uskayaw
Wu Jian
Xom
Yredelemnul
The Shining One

Annotations:
D:2 1 runed door


Message History

You drain the orc priest.
You kill the orc priest!
Your life force feels restored.
The orc wizard casts a spell at you. The puff of flame hits you!
* * * LOW HITPOINT WARNING * * *
You hit the orc wizard.
You punch the orc wizard, but do no damage.
The orc wizard is lightly wounded.
The orc wizard hits you but does no damage.
You hit the orc wizard but do no damage.
You drain the orc wizard.
The orc wizard is moderately wounded.
The orc priest shouts, "Surrender to Beogh and we'll let you live!"
The orc priest barely misses you. The orc wizard barely misses you.
You are feeling hungry.
You hit the orc priest but do no damage.
The orc priest closely misses you.
The orc wizard hits you with a +2 dagger of speed.
You die...

#.# #.# #.#
#.# #.# #.#
#o#
#########@#
#........o#
#.#########
#.# ###.#
#...# ###.#
#.# #.#


You could see an orc priest and an orc wizard.

Vanquished Creatures
  An ogre (D:3)
  An orc priest (D:4)
  2 worker ants (D:3)
  6 gnolls
  3 adders
  2 oozes
  2 worms (D:3)
  7 leopard geckos
  An orc (D:2)
  A ball python (D:2)
  2 giant cockroaches (D:3)
  3 goblins
  2 hobgoblins
  2 jackals (D:4)
  4 kobolds
  A quokka (D:1)
  A bat (D:2)
  6 frilled lizards
  A quokka skeleton (D:3)
  7 rats
  A spectral orc (D:3)
56 creatures vanquished.

Notes
Turn   | Place    | Note
-------+----------+-------------------------------------------
     0 | D:1      | esc the Hill Orc Archaeologist began the quest for the Orb.
     0 | D:1      | Reached XP level 1. HP: 16/16 MP: 1/1
   240 | D:1      | Reached XP level 2. HP: 24/24 MP: 2/2
   637 | D:1      | Found a glowing golden altar of the Shining One.
   932 | D:2      | Reached XP level 3. HP: 29/30 MP: 3/3
  1066 | D:2      | Found a glowing golden altar of the Shining One.
  1071 | D:2      | Reached skill level 1 in Armour
  1244 | D:2      | Found an ornate altar of the Wu Jian Council.
  1244 | D:2      | Found a shimmering blue altar of Sif Muna.
  1246 | D:2      | Found a white marble altar of Elyvilon.
  1246 | D:2      | Found a shimmering altar of Xom.
  1246 | D:2      | Found a shadowy altar of Dithmenos.
  1247 | D:2      | Found an opulent altar of Gozag.
  1558 | D:2      | Found a runed door.
  1876 | D:3      | Reached XP level 4. HP: 29/38 MP: 4/4
  2146 | D:3      | Found a sparkling altar of Nemelex Xobeh.
  2476 | D:3      | Found a hide-covered altar of Uskayaw.
  2552 | D:3      | Reached XP level 5. HP: 36/45 MP: 5/5
  2552 | D:3      | Identified a scroll of acquirement
  2553 | D:3      | Identified the +5 glaive "Osiotel" {chop, +Rage Str-4 Int+3
                  | SInv} (You acquired it on level 3 of the Dungeon)
  2553 | D:3      | Identified the ring of Suspicion {Int+4 Dex+2} (You
                  | acquired it on level 3 of the Dungeon)
  2609 | D:3      | Found a sacrificial altar of Ru.
  2780 | D:3      | Noticed an ogre
  2788 | D:3      | Killed an ogre
  2788 | D:3      | Reached XP level 6. HP: 49/52 MP: 6/6
  2884 | D:3      | Found a basalt altar of Yredelemnul.
  3146 | D:4      | HP: 1/52 [orc wizard/puff of flame (7)]
  3150 | D:4      | Slain by an orc wizard

Skill      XL: |  1  2  3  4  5  6 |
---------------+-------------------+-----
Fighting       | 2 3 4 |  4.2
Armour         | 1 2 3 4 |  4.2
Short Blades   | |  4.2
Long Blades    | |  4.2
Axes           | |  4.2
Maces & Flails | |  4.2
Polearms       | |  4.2
Staves         | |  4.2
Dodging        | |  2.4
Stealth        | |  2.6
Unarmed Combat | |  4.2

Action                   |  1- 3 |  4- 6 || total
-------------------------+-------+-------++-------
Melee: Whip              |   167 |    76 ||   243
       Punch             |     1 |     2 ||     3
       Dagger            |       |    55 ||    55
  Use: Scroll            |     6 |     2 ||     8
       Potion            |     1 |       ||     1
 Stab: Sleeping          |     5 |       ||     5
  Eat: Chunk             |     6 |     1 ||     7
       Ration            |     1 |     1 ||     2
Armor: Robe              |    13 |       ||    13
       Ring mail         |    49 |    38 ||    87
Dodge: Dodged            |   121 |    67 ||   188
